 Dungeon Crawl Stone Soup version 0.29.1-2-gbd0b4ee654 (webtiles) character file.

Game seed: 4106791633416383871

18160 KittyFluff the Cruncher (level 12, -20/75 HPs)
             Began as a Gargoyle Berserker on Nov 13, 2022.
             Was a High Priest of Trog.
             Demolished by qeuew's ghost (28 damage)
             ... on level 2 of the Lair of Beasts on Nov 14, 2022.
             The game lasted 01:04:14 (13924 turns).

KittyFluff the Cruncher (Gargoyle Berserker)       Turns: 13924, Time: 01:04:16

Health: -20/75     AC: 19    Str: 21    XL:     12   Next: 55%
Magic:  12/12      EV: 15    Int:  9    God:    Trog [*****.]
Gold:   861        SH:  0    Dex: 19    Spells: 11/11 levels left

rFire   + . .      SeeInvis .   H - +7 lajatang
rCold   + . .      Faith    .   (shield currently unavailable)
rNeg    + . .      Spirit   .   Y - +2 troll leather armour {Snorg}
rPois   ∞          Reflect  .   (no helmet)
rElec   +          Harm     .   b - scarf {rC+ rF+}
rCorr   +          Rampage  .   B - +0 pair of gloves
Will    .....                   E - +0 pair of boots
Stlth   +++.......              (no amulet)
HPRegen 1.02/turn               i - ring of resist corrosion
MPRegen 0.13/turn               D - +6 ring of dexterity

@: on berserk cooldown, slowed, very slow
A: sickness immunity, AC +8, negative energy resistance 1, electricity
resistance, torment resistance 1, petrification resistance
a: Renounce Religion, Berserk, Trog's Hand, Brothers in Arms


You were on level 2 of the Lair of Beasts.
You worshipped Trog.
Trog was extremely pleased with you.
You visited 2 branches of the dungeon, and saw 12 of its levels.
You also visited: Sewer and Ossuary.

You collected 861 gold pieces.

Inventory:

Hand Weapons
 r - a +3 quarterstaff of chaos
 t - the +4 hammer "Zeschischu" {vamp, rElec}
   (You found it on level 2 of the Dungeon)

   It occasionally heals its wielder for a portion of the damage dealt when it
   wounds a living foe.
   rElec:     It insulates you from electricity.
 u - a +0 sling
 H - a +7 lajatang (weapon)
 M - a +1 morningstar of holy wrath
 N - a +1 dire flail of protection
 P - a +4 arbalest
 V - a +2 antimagic great mace
Missiles
 a - 4 atropa-tipped darts
 e - 7 curare-tipped darts
 y - 9 poisoned darts
 C - 4 boomerangs of dispersal
 G - 10 boomerangs (quivered)
 J - 3 silver boomerangs
 X - 2 datura-tipped darts
Armour
 b - a scarf of resistance (worn)
 q - a +2 robe of positive energy
 s - a +0 cloak
 B - a +0 pair of gloves (worn)
 E - a +0 pair of boots (worn)
 F - an orb of light
 Y - a +2 troll leather armour (worn) {Snorg}
 Z - +0 swamp dragon scales
Jewellery
 i - a ring of resist corrosion (left hand)
 k - an amulet of faith
 l - a ring of protection from fire
 n - the ring of Apnom {Fly rElec rPois MP+9 Int-3}
   (You found it on level 1 of the Lair of Beasts)

   [ring of magical power]

   Int:       It affects your intelligence (-3).
   rElec:     It insulates you from electricity.
   rPois:     It protects you from poison.
   MP:        It affects your magic capacity (+9).
   Fly:       It grants you flight.
 D - a +6 ring of dexterity (right hand)
Wands
 A - a wand of roots (32)
 K - a wand of polymorph (13)
 O - a wand of flame (8)
 U - a wand of paralysis (8)
Scrolls
 h - 10 scrolls of teleportation
 v - 2 scrolls of blinking {unknown}
 w - a scroll of magic mapping
 x - 4 scrolls of poison
 z - 4 scrolls of enchant weapon
 I - 2 scrolls of noise {unknown}
 L - a scroll of immolation
 Q - a scroll of brand weapon {unknown}
 S - 2 scrolls of summoning
 T - 3 scrolls of enchant armour
 W - a scroll of acquirement {unknown}
Potions
 c - 12 potions of curing
 d - 4 potions of mutation
 f - 3 potions of haste
 g - a potion of lignification
 j - 2 potions of cancellation
 m - 8 potions of might
 o - 2 potions of flight
 p - 5 potions of heal wounds
 R - 2 potions of resistance


   Skills:
 + Level 8.6 Fighting
 + Level 4.5(10.1) Maces & Flails
 + Level 13.8(14.1) Staves
 * Level 2.3 Ranged Weapons
 + Level 5.3 Throwing
 * Level 8.5 Armour
 + Level 5.2 Dodging
 + Level 5.8 Stealth


You had 11 spell levels left.
You didn't know any spells.
Your spell library was empty.

Dungeon Overview and Level Annotations

Branches:
Dungeon (10/15)            Temple (0/1) D:4            Lair (2/5) D:10
  Sewer (visited)         Ossuary (visited)
  Swamp: Lair:2-3    Shoals: Lair:2-3     Snake: Lair:2-3    Spider: Lair:2-3
    Orc: D:9-12

Altars:
Makhleb
Qazlal
Ru
Vehumet
Xom
Yredelemnul
Zin
The Shining One

Shops:
D:7 :   D:10 [?!**

Annotations:
Lair:2 qeuew's ghost, journeyman MiBe


Innate Abilities, Weirdness & Mutations

You are immune to sickness and miasma.
Your stone body is resilient. (AC +8)
You are immune to poison.
You resist negative energy. (rN+)
You are resistant to electric shocks. (rElec)
You are resistant to unholy torment.
You are immune to petrification.


Message History

You closely miss qeuew's ghost.
Qeuew's ghost is heavily damaged.
Qeuew's ghost hits you! Qeuew's ghost burns you.
You closely miss qeuew's ghost.
Qeuew's ghost is heavily damaged.
You miss qeuew's ghost.
Qeuew's ghost is heavily damaged.
Qeuew's ghost hits you.
You closely miss qeuew's ghost.
Qeuew's ghost is heavily damaged.
You miss qeuew's ghost.
Qeuew's ghost is heavily damaged.
You are no longer berserk.
You are exhausted.
You feel yourself slow down.
You hit qeuew's ghost.
Qeuew's ghost is severely damaged.
Qeuew's ghost closely misses you.
You slice qeuew's ghost!!
Qeuew's ghost is almost destroyed.
Qeuew's ghost hits you!!
* * * LOW HITPOINT WARNING * * *
Qeuew's ghost burns you.
* * * LOW HITPOINT WARNING * * *
You feel much better. Qeuew's ghost barely misses you. Qeuew's ghost hits you.
* * * LOW HITPOINT WARNING * * *
Qeuew's ghost burns you.
* * * LOW HITPOINT WARNING * * *
You feel much better. Qeuew's ghost closely misses you.
You completely miss qeuew's ghost.
Qeuew's ghost is severely damaged.
Qeuew's ghost closely misses you.
You closely miss qeuew's ghost.
Qeuew's ghost is severely damaged.
Qeuew's ghost hits you!!!
* * * LOW HITPOINT WARNING * * *
Qeuew's ghost burns you.
* * * LOW HITPOINT WARNING * * *
Qeuew's ghost hits you!!
You die...

.........#........#.......#
.........#................#
...#.....#........#...#P...
.. #..<.<##.......#.####..#
....#######......####PP#..#
.....#.##..#...............#
...........................#
............###.............
...........@#!##...........#
............W_.#............
..##....##..#$##............
##..........###....#####...#
#...[..............##..#.#.#
..####...........>.#....##..
+....P.......#.....##.#
#......................
#............##....##.#


You could see qeuew's ghost.

Vanquished Creatures
  Snorg (D:10)
  2 hydras (Lair:1)
  A catoblepas (Lair:1)
  A dancing weapon (Lair:2)
  Sonja (Lair:2)
  The ghost of soonk12 the Cudgeller, a novice TrBe of Trog (D:4)
  2 black mambas (Lair:2)
  Maggie (Lair:2)
  A kobold demonologist (D:10)
  5 komodo dragons
  A wind drake (shapeshifter) (D:9)
  A polar bear (Lair:1)
  2 hornets
  28 yaks
  A basilisk (Lair:2)
  5 wyverns
  2 steam dragons (D:6)
  A vampire mosquito (D:10)
  Edmund (D:6)
  6 water moccasins
  3 orc warriors
  A black bear (D:6)
  An ogre (D:4)
  4 ice beasts
  6 wolves (Lair:2)
  2 centaurs
  3 phantoms
  3 kobold brigands (D:10)
  2 elf zombies (Ossuary)
  2 necrophages (D:6)
  5 bullfrogs
  3 scorpions
  5 wights (D:8)
  9 killer bees
  An electric eel (D:9)
  4 howler monkeys
  3 jellies
  A centaur zombie (Ossuary)
  6 hounds
  Crazy Yiuf (D:2)
  5 orc priests
  A gnoll bouda (D:6)
  4 iguanas
  4 orc wizards
  A hell rat (Sewer)
  A statue (D:5)
  4 ogre zombies (Ossuary)
  6 mummies (Ossuary)
  16 adders
  5 gnolls (D:6)
  9 river rats
  3 adder zombies (Ossuary)
  A worm (D:3)
  39 orcs
  2 endoplasms (D:2)
  3 giant cockroaches
  6 goblins
  5 hobgoblins
  3 jackals (D:1)
  5 kobolds
  3 quokkas
  9 ball pythons
  6 bats
  3 frilled lizards
  4 goblin zombies (Ossuary)
  3 hobgoblin zombies (Ossuary)
  5 kobold zombies (Ossuary)
  6 quokka zombies (Ossuary)
  31 rats
  2 rat zombies (Ossuary)
324 creatures vanquished.

Vanquished Creatures (others)
  6 fungi
  14 plants
20 creatures vanquished.

Grand Total: 344 creatures vanquished

Notes
Turn   | Place    | Note
-------+----------+-------------------------------------------
     0 | D:1      | KittyFluff the Gargoyle Berserker began the quest for the
                  | Orb.
     0 | D:1      | Reached XP level 1. HP: 14/14 MP: 1/1
    98 | D:1      | Found a faded altar of an unknown god.
   170 | D:1      | Reached XP level 2. HP: 17/19 MP: 2/2
   876 | D:1      | Reached XP level 3. HP: 12/24 MP: 3/3
  1812 | D:2      | Found a runed translucent door.
  1813 | D:2      | Noticed Crazy Yiuf
  1820 | D:2      | Killed Crazy Yiuf
  1821 | D:2      | Reached XP level 4. HP: 29/29 MP: 4/4
  1863 | D:2      | Identified the +4 hammer "Zeschischu" {vamp, rElec}
  2196 | D:2      | Reached ** piety under Trog
  2429 | D:3      | Reached skill level 1 in Stealth
  2429 | D:3      | Reached XP level 5. HP: 24/33 MP: 5/5
  2694 | D:3      | Found a glowing drain.
  2698 | D:3      | Reached skill level 1 in Staves
  2806 | Sewer    | Entered a sewer
  2890 | Sewer    | Reached XP level 6. HP: 13/38 MP: 6/6
  3383 | D:3      | You fall into a shaft and drop 1 floor!
  3384 | D:4      | Found a staircase to the Ecumenical Temple.
  3405 | D:4      | Reached skill level 2 in Staves
  3538 | D:4      | Found a stormy altar of Qazlal.
  3875 | D:4      | Reached *** piety under Trog
  3891 | D:4      | Reached skill level 3 in Staves
  4046 | D:4      | Reached XP level 7. HP: 44/44 MP: 7/7
  4297 | D:4      | Found a runed translucent gate.
  4297 | D:4      | Found a runed translucent gate.
  4297 | D:4      | Found a runed translucent gate.
  4297 | D:4      | Noticed soonk12's ghost (novice TrBe)
  4358 | D:4      | Killed soonk12's ghost
  4359 | D:4      | Reached skill level 4 in Staves
  4383 | D:4      | Reached XP level 8. HP: 20/48 MP: 8/8
  4747 | D:5      | Entered Level 5 of the Dungeon
  4769 | D:5      | Found a radiant altar of Vehumet.
  4787 | D:5      | Reached skill level 5 in Staves
  4876 | D:5      | Reached skill level 5 in Fighting
  5010 | D:5      | Reached skill level 6 in Staves
  5022 | D:5      | Found a burning altar of Makhleb.
  5366 | D:5      | Found a glowing golden altar of the Shining One.
  5366 | D:5      | Found a basalt altar of Yredelemnul.
  5373 | D:5      | Noticed a profane servitor
  5379 | D:5      | Noticed an angel
  5683 | D:6      | Noticed a yak
  5697 | D:6      | Killed a yak
  5698 | D:6      | Reached skill level 5 in Armour
  5989 | D:6      | Reached skill level 7 in Staves
  5989 | D:6      | Reached skill level 1 in Throwing
  6261 | D:6      | Reached XP level 9. HP: 50/54 MP: 9/9
  6356 | D:6      | Noticed Edmund
  6379 | D:6      | Killed Edmund
  6426 | D:6      | Reached **** piety under Trog
  6612 | D:6      | Reached skill level 8 in Staves
  7013 | D:6      | Reached skill level 9 in Staves
  7237 | D:7      | Reached XP level 10. HP: 38/60 MP: 10/10
  7414 | D:7      | Found a shimmering altar of Xom.
  7414 | D:7      | Found a glowing silver altar of Zin.
  7414 | D:7      | Noticed an angel
  7429 | D:7      | Found Loemacs's Book Shop.
  7507 | D:7      | Found a sand-covered staircase.
  7512 | Ossuary  | Entered an ossuary
  7992 | Ossuary  | Reached ***** piety under Trog
  8918 | D:8      | Reached skill level 10 in Staves
  9237 | D:8      | Reached skill level 11 in Staves
  9470 | D:8      | Identified the +0 ring mail of Somewhere Else {Contam rN+
                  | Slay+2}
  9810 | D:9      | Found a sacrificial altar of Ru.
 10540 | D:10     | Entered Level 10 of the Dungeon
 10563 | D:10     | Reached XP level 11. HP: 66/66 MP: 11/11
 10821 | D:10     | Reached skill level 12 in Staves
 11106 | D:10     | Found a staircase to the Lair.
 11203 | D:10     | Reached skill level 5 in Stealth
 11212 | D:10     | Received a gift from Trog
 11230 | D:10     | Found Obyiq's Distillery.
 11280 | D:10     | Found Fosawkarye's Magic Scroll Emporium.
 11530 | D:10     | Found Nuodizal's General Store.
 12021 | D:10     | Found Enijuopu's Assorted Antiques.
 12083 | D:10     | Found Uloill's Armour Shoppe.
 12310 | D:10     | Noticed Snorg
 12324 | D:10     | Killed Snorg
 12325 | D:10     | Reached skill level 13 in Staves
 12545 | Lair:1   | Entered Level 1 of the Lair of Beasts
 12767 | Lair:1   | Identified the ring of Apnom {Fly rElec rPois MP+9 Int-3}
 12780 | Lair:1   | Noticed an eight-headed hydra
 12792 | Lair:1   | Killed an eight-headed hydra
 12984 | Lair:1   | Found a shimmering altar of Xom.
 13114 | Lair:1   | Reached XP level 12. HP: 73/73 MP: 12/12
 13242 | Lair:1   | Noticed a catoblepas
 13244 | Lair:1   | Noticed a seven-headed hydra
 13263 | Lair:1   | Killed a seven-headed hydra
 13264 | Lair:1   | Reached skill level 5 in Dodging
 13277 | Lair:1   | Killed a catoblepas
 13278 | Lair:1   | Reached skill level 5 in Throwing
 13433 | Lair:2   | Noticed Maggie
 13446 | Lair:2   | Killed Maggie
 13528 | Lair:2   | Reached skill level 1 in Ranged Weapons
 13596 | Lair:2   | Noticed Sonja
 13834 | Lair:2   | Killed Sonja
 13860 | Lair:2   | Found a runed translucent door.
 13862 | Lair:2   | Found a shimmering altar of Xom.
 13862 | Lair:2   | Noticed qeuew's ghost (journeyman MiBe)
 13920 | Lair:2   | HP: 1/75 [qeuew's ghost (4)]
 13924 | Lair:2   | Demolished by qeuew's ghost

Illustrated notes

Levels and vault maps discovered:
D:1:      shiori_arrival_elements, layout_basic,
          hellmonk_ecumenical_altar_run_dry
D:2:      layout_loops_ring, uniq_crazy_yiuf_cottage
D:3:      layout_basic, grunt_temple_overflow_diamond, serial_glass,
          glass_columns_b, glass_columns_a, lightli_sewer_entry_pipes,
          dreamdust_wishing_well, grunt_decor_resistance
D:4:      layout_loops_ring, nicolae_overflow_hidden_temple,
          minmay_temple_entry_stoned_glass, biasface_ghost_orc_armoury
D:5:      layout_rooms, grunt_temple_overflow_holy_war, vehumet_statue,
          makhleb_blood_cavern_becter
D:6:      minmay_diamond_boxcup, layout_loops_ring, hangedman_decor_opposing,
          kennysheep_generic_room_5, uniq_edmund
D:7:      layout_gridville, grunt_temple_overflow_order_and_chaos_1,
          enter_ossuary_5, serial_shops, nicolae_diamond_shop,
          dk_rats_in_the_wall
D:8:      layout_rooms
D:9:      layout_basic, mainiacjoe_overflow_paths
D:10:     layout_loops_ring, minmay_lair_entry_grove, serial_shops,
          nicolae_square_shop, shop_statue, nicolae_stop_n_shop_1,
          shop_fountains, shop_fountains, serial_co_window_serial,
          co_window_cross_1, co_window_of_opportunity_a,
          co_window_of_opportunity_a, co_window_paths_b,
          co_window_of_opportunity_a, co_window_paths_a, co_window_corner_a,
          co_window_corner_b, co_window_corner_b, co_window_2corner,
          co_window_unsneaky_path_a, co_window_paths_e, uniq_snorg
Lair:1:   layout_gridlike, basic_altar, chequers_serial_rivers_room_b,
          grunt_megastairs_2
Lair:2:   layout_regular_city, minmay_snake_entry_six_corridors,
          ebering_ghost_xom, uniq_erica, uniq_sonja, uniq_maggie

Skill      XL: |  1  2  3  4  5  6  7  8  9 10 11 12 |
---------------+-------------------------------------+-----
Maces & Flails | 4 |  4.5
Fighting       | 4 5 6 7 8 |  8.6
Dodging        | 2 3 4 5 |  5.2
Stealth        | 1 2 3 4 5 |  5.8
Armour         | 3 4 5 6 7 8 |  8.5
Staves         | 1 3 4 7 9 11 13 | 13.8
Throwing       | 1 2 3 4 5 |  5.3
Ranged Weapons | 2 |  2.3

Action                   |  1- 3 |  4- 6 |  7- 9 | 10-12 || total
-------------------------+-------+-------+-------+-------++-------
Melee: Mace              |    85 |    35 |       |       ||   120
       Quarterstaff      |       |   113 |   256 |   639 ||  1008
       Lajatang          |       |       |       |    54 ||    54
Throw: Boomerang         |       |       |       |    18 ||    18
Invok: Berserk           |     2 |     1 |     3 |     7 ||    13
  Use: Scroll            |       |       |     8 |    13 ||    21
       Potion            |       |       |       |     3 ||     3
 Stab: Sleeping          |       |       |     6 |    12 ||    18
       Paralysed         |       |       |     5 |     3 ||     8
       Confused          |       |       |       |     5 ||     5
       Distracted        |       |       |       |     1 ||     1
       Petrifying        |       |       |       |     3 ||     3
Armor: Animal skin       |    27 |    48 |     3 |       ||    78
       Leather armour    |       |       |    72 |       ||    72
       Steam dragon scal |       |       |    24 |   131 ||   155
       Troll leather arm |       |       |       |    66 ||    66
Dodge: Dodged            |    63 |   103 |   164 |   326 ||   656
